 Dungeon Crawl Stone Soup version 0.30.1-9-gdf580d7c3d (webtiles) character file.

Game seed: 8464467025766625595

83 CaptainMV the Chiller (level 4, -4/30 (33) HPs)
             Began as a Draconian Ice Elementalist on Oct 9, 2023.
             Killed from afar by an eidolon (34 damage)
             ... with a bolt of negative energy
             ... on level 1 of the Abyss.
             The game lasted 00:16:58 (1768 turns).

CaptainMV the Chiller (Draconian Ice Elementalist)  Turns: 1768, Time: 00:17:09

HP:   -4/30 (33)    AC:  9    Str: 10    XL:     4   Next: 22%
MP:   4/8           EV: 12    Int: 16    God:
Gold: 132           SH:  0    Dex: 13    Spells: 4/8 levels left

rFire   . . .        b - +0 long sword
rCold   . . .        (no shield)
rNeg    . . .        (body armour unavailable)
rPois   .            (helmet restricted)
rElec   .            (no cloak)
rCorr   .            (no gloves)
SInv    .            (no boots)
Will    .....        (no amulet)
Stlth   ++           k - +4 ring of protection
HPRegen 0.25/turn    (no ring)
MPRegen 0.11/turn

%: no passive effects
@: freezing walls, drained
A: AC +5, unfitting armour, cold-blooded
a: no special abilities


You were on level 1 of the Abyss.
You visited 1 branch of the dungeon, and saw 3 of its levels.
You visited the Abyss 1 time.

You collected 132 gold pieces.

Inventory:

Hand Weapons
 a - a +0 dagger
 b - a +0 long sword (weapon)
Missiles
 c - a boomerang (quivered)
 e - 4 poisoned darts
Jewellery
 k - a +4 ring of protection (left hand)
Scrolls
 d - 3 scrolls of identify
Potions
 f - 2 potions of magic
 g - a potion of curing {unknown}
 h - 2 potions of heal wounds {unknown}
 i - a potion of brilliance
 j - a potion of attraction {unknown}


   Skills:
 + Level 0.4 Short Blades
 + Level 0.5 Throwing
 + Level 1.9 Dodging
 + Level 2.1 Stealth
 + Level 2.6 Spellcasting
 + Level 5.0 Ice Magic


You had 4 spell levels left.
You knew the following spells:

 Your Spells              Type           Power      Damage    Failure   Level
a - Freeze                Ice            72%        1d8       2%          1
b - Frozen Ramparts       Ice            36%        1d6       8%          3

Your spell library contained the following spells:

 Spells                   Type           Power      Damage    Failure   Level
 Ozocubu's Armour         Ice            18%        N/A       8%          3
 Cigotuvi's Dreadful Rot  Necr/Pois/Air  4%         N/A       28%         2
 Ignite Poison            Fire/Tmut/Pois 2%         N/A       50%         3
 Summon Ice Beast         Ice/Summ       10%        N/A       56%         4
 Freezing Cloud           Conj/Ice/Air   3%         6-21      95%         5


Dungeon Overview and Level Annotations

Branches:
Dungeon (3/15)

Altars:
Xom

Shops:
D:3 ?

Portals:
Abyss: D:3

Annotations:
D:3 1 transporter, Chiseanne's ghost, amateur DsWn


Innate Abilities, Weirdness & Mutations

Your plain brown scales are hard. (AC +5)
You cannot fit into any form of body armour.
You are cold-blooded and may be slowed by cold attacks.


Message History

The walls around you are covered in ice.
The wall freezes Chiseanne's ghost but does no damage.
Chiseanne's ghost hits you but does no damage.
The wall freezes the kobold brigand.
The kobold brigand hits you with a +2 short sword of distortion.
You blink.
The frozen ramparts melt away as you move.
Unknown command.
There are monsters nearby!
Casting: Frozen Ramparts (quite dangerous; 8% risk of failure)
Confirm with . or Enter, or press ? or * to list all spells.
The spell is quite dangerous to miscast (8% risk of failure)!
Continue anyway?
Casting: Frozen Ramparts (quite dangerous; 8% risk of failure)
Press: ? - help, Dir - look around, f - activate A one-way gate to the infinite horrors of the Abyss.
The walls around you are covered in ice.
The wall freezes Chiseanne's ghost but does no damage.
The wall freezes the kobold brigand but does no damage.
The kobold brigand hits you but does no damage.
You are cast into the Abyss!
The frozen ramparts melt away.
This branch contains the abyssal rune of Zot.
Found a corrupted altar of Lugonu.
There is a corrupted altar of Lugonu here.
Casting: Frozen Ramparts (quite dangerous; 8% risk of failure)
Confirm with . or Enter, or press ? or * to list all spells.
Okay, then.
You kneel at the altar of Lugonu.
The eidolon gives a chilling moan.
Casting: Frozen Ramparts (quite dangerous; 8% risk of failure)
Confirm with . or Enter, or press ? or * to list all spells.
The spell is quite dangerous to miscast (8% risk of failure)!
Continue anyway?
Casting: Frozen Ramparts (quite dangerous; 8% risk of failure)
Press: ? - help, Dir - look around, f - activate The walls around you are covered in ice.
The eidolon resists.
The wall freezes the eidolon.
The eidolon stares piercingly at you. The bolt of negative energy hits you!!
You feel drained.
Ouch! That really hurt!
You die...

.. #. . #
.# #.#
###.
##...
...##..#
#.#.#...#
§W.@.#.#
§##### .#
#


You could see an eidolon.

Vanquished Creatures
  4 adders
  2 dart slugs
  4 bats
  5 endoplasms
  6 giant cockroaches
  4 goblins
  3 hobgoblins
  2 quokkas (D:1)
  2 ball pythons
  3 frilled lizards (D:1)
  2 kobolds
  6 rats
43 creatures vanquished.

Notes
Turn   | Place    | Note
-------+----------+-------------------------------------------
     0 | D:1      | CaptainMV the Draconian Ice Elementalist began the quest
                  | for the Orb.
     0 | D:1      | Reached XP level 1. HP: 14/14 MP: 3/3
    94 | D:1      | Reached XP level 2. HP: 19/20 MP: 1/5
   567 | D:2      | Reached XP level 3. HP: 26/26 MP: 2/6
   571 | D:2      | Learned a level 3 spell: Frozen Ramparts
   722 | D:2      | Found a faded altar of an unknown god.
   844 | D:2      | Found a shimmering altar of Xom.
  1350 | D:3      | Found a shimmering altar of Xom.
  1401 | D:3      | Reached XP level 4. HP: 20/33 MP: 7/7
  1512 | D:3      | Found Usooco's Magic Scroll Shoppe.
  1554 | D:3      | Reached skill level 5 in Ice Magic
  1658 | D:3      | Noticed a kobold brigand
  1669 | D:3      | Found a one-way gate to the infinite horrors of the Abyss.
  1669 | D:3      | Noticed Chiseanne's ghost (amateur DsWn)
  1682 | D:3      | Found a transporter.
  1684 | D:3      | Noticed a small abomination
  1714 | D:3      | Found a transporter.
  1724 | Abyss:1  | Cast into level 1 of the Abyss (kobold brigand)
  1726 | Abyss:1  | Found a corrupted altar of Lugonu.
  1766 | Abyss:1  | Noticed an eidolon
  1768 | Abyss:1  | Killed from afar by an eidolon

Illustrated notes

Levels and vault maps discovered:
D:1:      doesnt_arrival_eight_statues, layout_basic
D:2:      layout_basic, shapermc_ecumenical_altar_petra, basic_altar
D:3:      layout_loops_corners, nicolae_uskayaw_en_pointe,
          mainiacjoe_overflow_chevrons, serial_shops, shop,
          gammafunk_ghost_abyssal_escape, nicolae_underground_beach
Abyss:1:  base:
D:3

Skill      XL: |  1  2  3  4 |
---------------+-------------+-----
Stealth        | 2 |  2.1
Ice Magic      | 5 |  5.0
Short Blades   | |  0.4
Throwing       | |  0.5
Dodging        | |  1.9
Spellcasting   | |  2.6

Action                     |  1- 3 |  4- 6 || total
---------------------------+-------+-------++-------
  Melee: Tailslap          |     4 |       ||     4
         Unarmed           |     1 |       ||     1
         Dagger            |    28 |     6 ||    34
  Throw: Boomerang         |    36 |     2 ||    38
   Cast: Freeze            |    34 |       ||    34
         Frozen Ramparts   |     5 |     5 ||    10
    Use: Scroll            |     5 |     2 ||     7
   Stab: Sleeping          |     3 |     1 ||     4
 Armour: Skin              |    22 |     4 ||    26
  Dodge: Dodged            |    58 |     2 ||    60
